 Dungeon Crawl Stone Soup version 0.21.1-1-g345015f (webtiles) character file.

2972 Dharzhak the Cleaver (level 9, -8/78 HPs)
             Began as a Minotaur Fighter on Mar 30, 2018.
             Was an Initiate of Gozag.
             Splashed by an oklob plant's acid (14 damage)
             ... on level 8 of the Dungeon.
             The game lasted 00:23:15 (6666 turns).

Dharzhak the Cleaver (Minotaur Fighter)             Turns: 6666, Time: 00:23:16

Health: -8/78      AC:  4    Str: 21    XL:     9   Next: 53%
Magic:  8/8        EV:  8    Int:  5    God:    Gozag
Gold:   300        SH: 12    Dex: 13    Spells: 8/8 levels left

rFire    . . .     SeeInvis .   a - +3 war axe (venom)
rCold    . . .     Gourm    .   c - +1 shield
rNeg     . . .     Faith    .   m - +0 chain mail
rPois    .         Spirit   .   (helmet restricted)
rElec    .         Reflect  .   B - +0 cloak
rCorr    .         Harm     .   (no gloves)
MR       .....                  (no boots)
Stlth    ..........             (no amulet)
HPRegen  0.23/turn              d - ring of stealth
MPRegen  0.11/turn              r - ring of flight

@: corroded
A: retaliatory headbutt, horns 2
a: Potion Petition, Call Merchant, Bribe Branch, Renounce Religion, Evoke Flight


You were on level 8 of the Dungeon.
You worshipped Gozag.
Gozag was aware of your devotion.
You were hungry.

You visited 1 branch of the dungeon, and saw 8 of its levels.

You collected 1243 gold pieces.
You spent 926 gold pieces at shops.
You paid 17 gold pieces to Gozag.

Inventory:

Hand Weapons
 a - a +3 war axe of venom (weapon)
 k - a +0 war axe of chopping
 o - a +0 war axe
 A - a +0 flail
Missiles
 y - 5 tomahawks (quivered)
Armour
 c - a +1 shield (worn)
 m - a +0 chain mail (worn)
 B - a +0 cloak (worn)
Jewellery
 d - a ring of stealth (left hand)
 r - a ring of flight (right hand)
Scrolls
 b - 3 scrolls of amnesia
 h - 4 scrolls of teleportation
 l - 2 scrolls of remove curse
 n - a scroll of enchant armour
 s - 2 scrolls of random uselessness {unknown}
 t - a scroll of immolation {unknown}
 C - 9 scrolls of identify
Potions
 e - 2 potions of heal wounds
 g - a potion of lignification
 i - 2 potions of agility
 j - a potion of resistance
 p - 3 potions of invisibility
 q - 2 potions of curing
 u - 3 potions of mutation
 v - 2 potions of magic {unknown}
 w - a potion of haste {unknown}
 x - a potion of berserk rage {unknown}
 z - a potion of cancellation {unknown}
Comestibles
 f - 3 rations


   Skills:
 * Level 6.7 Fighting
 * Level 10.1 Axes
 + Level 0.1 Throwing
 * Level 7.8 Armour
 * Level 4.1 Dodging
 + Level 0.7 Stealth
 * Level 8.0 Shields


You had 8 spell levels left.
You didn't know any spells.

Dungeon Overview and Level Annotations

Branches:
Dungeon (8/15)             Temple (0/1) D:7            Lair (0/6) D:8

Altars:
Ashenzari
Cheibriados
Dithmenos
Elyvilon
Gozag
Hepliaklqana
Okawaru
Sif Muna
Trog
Uskayaw
Vehumet
Yredelemnul

Shops:
D:5 ?   D:7 !   D:8 !?

Annotations:
D:8 exclusion: oklob plant


Innate Abilities, Weirdness & Mutations

You reflexively headbutt those who attack you in melee.
You have a pair of horns on your head.


Message History

You hit the plant.
The plant looks as sick as possible!
Unknown command.
Unknown command.
You hit the oklob plant but do no damage.
The oklob plant is heavily damaged.
You hit the plant but do no damage. The oklob plant spits acid at you.
The splash of acid hits you!
You are splashed with acid!
The acid burns!
* * * LOW HITPOINT WARNING * * *
Unknown command.
You hit the oklob plant but do no damage.
The oklob plant looks as sick as possible!
The oklob plant is heavily damaged.
You hit the plant but do no damage. The oklob plant spits acid at you.
The splash of acid hits you!
* * * LOW HITPOINT WARNING * * *
You are splashed with acid!
The acid burns!
You die...
Your body crumbles into a pile of gold.

.#### ....... .....
#........ ......
........ ......
........ ###
......#...... ...#
#$..P#...##### .#.##
.##..P_P...##..###.._..
......P@....#......#.#.
.......#....#..........
.......#....#..........
.......#))..#>.......#
.......#.)..'........#
.##...##...####[##...#
#...#########'##...##
#....#.∩.............
#....#.............##


You could see an oklob plant.

Vanquished Creatures
  Sigmund (D:5)
  A yak (D:8)
  The ghost of HelpMeObiWan the Firebug, an amateur DrFE (D:5)
  Menkaure (D:7)
  2 orc warriors
  2 ice beasts (D:6)
  A sky beast (D:7)
  2 black bears (D:8)
  3 phantoms
  2 ogres
  2 centaurs (D:6)
  2 bullfrogs
  3 scorpions
  A howler monkey (D:4)
  2 crimson imps
  5 hounds
  A jelly (D:7)
  3 orc priests (D:8)
  5 worker ants
  4 orc wizards
  2 hound zombies
  Robin (D:3)
  4 gnolls
  12 adders
  2 oozes
  An adder skeleton (D:4)
  2 worms
  2 dart slugs (D:1)
  2 leopard geckos
  17 orcs
  6 giant cockroaches
  18 goblins
  12 hobgoblins
  5 jackals
  5 kobolds
  4 quokkas
  2 ball pythons (D:2)
  A ball python skeleton (D:6)
  7 bats
  2 frilled lizards
  A giant cockroach zombie (D:6)
  A jackal zombie (D:6)
  A leopard gecko skeleton (D:4)
  17 rats
171 creatures vanquished.

Notes
Turn   | Place    | Note
-------+----------+-------------------------------------------
     0 | D:1      | Dharzhak the Minotaur Fighter began the quest for the Orb.
     0 | D:1      | Reached XP level 1. HP: 19/19 MP: 0/0
   189 | D:1      | Reached XP level 2. HP: 26/27 MP: 1/1
   448 | D:1      | Reached XP level 3. HP: 29/33 MP: 2/2
   649 | D:2      | Reached skill level 3 in Axes
   799 | D:2      | Reached XP level 4. HP: 39/41 MP: 3/3
  1018 | D:2      | Found a deep blue altar of Sif Muna.
  1019 | D:2      | Found a snail-covered altar of Cheibriados.
  1020 | D:2      | Found a shadowy altar of Dithmenos.
  1022 | D:2      | Found an opulent altar of Gozag.
  1045 | D:2      | Became a worshipper of Gozag Ym Sagoz the Greedy
  1627 | D:3      | Noticed Robin
  1635 | D:3      | Reached skill level 1 in Dodging
  1644 | D:3      | Reached XP level 5. HP: 35/47 MP: 4/4
  1649 | D:3      | Killed Robin
  1649 | D:3      | Reached skill level 4 in Axes
  2313 | D:4      | Noticed a phantom
  2428 | D:4      | Reached XP level 6. HP: 48/55 MP: 5/5
  2541 | D:4      | Reached skill level 5 in Fighting
  2541 | D:4      | Reached skill level 5 in Axes
  3037 | D:4      | Reached skill level 5 in Armour
  3215 | D:5      | Entered Level 5 of the Dungeon
  3228 | D:5      | Reached skill level 5 in Shields
  3265 | D:5      | Noticed HelpMeObiWan's ghost (amateur DrFE)
  3275 | D:5      | Reached XP level 7. HP: 29/61 MP: 6/6
  3281 | D:5      | Killed HelpMeObiWan's ghost
  3281 | D:5      | Reached skill level 6 in Axes
  3494 | D:5      | Found Fuun's Magic Scroll Shoppe.
  3508 | D:5      | Bought a scroll of identify for 26 gold pieces
  3508 | D:5      | Bought a scroll of enchant weapon for 97 gold pieces
  3508 | D:5      | Bought a scroll of remove curse for 39 gold pieces
  3720 | D:5      | Noticed Sigmund
  3726 | D:5      | Killed Sigmund
  3920 | D:5      | Found a radiant altar of Vehumet.
  4407 | D:6      | Reached skill level 7 in Axes
  4467 | D:6      | Reached XP level 8. HP: 68/70 MP: 7/7
  4749 | D:6      | Reached skill level 8 in Axes
  4768 | D:6      | Found a white marble altar of Elyvilon.
  5021 | D:6      | Found a hide-covered altar of Uskayaw.
  5322 | D:7      | Found a hazy altar of Hepliaklqana.
  5417 | D:7      | Found Kerhiz's Distillery.
  5460 | D:7      | Found a staircase to the Ecumenical Temple.
  5484 | D:7      | Reached XP level 9. HP: 76/78 MP: 8/8
  5520 | D:7      | Reached skill level 9 in Axes
  5754 | D:7      | Noticed Menkaure
  5764 | D:7      | Killed Menkaure
  5765 | D:7      | Found a shattered altar of Ashenzari.
  6040 | D:8      | Found Dudeon's Distillery.
  6070 | D:8      | Found a basalt altar of Yredelemnul.
  6200 | D:8      | Found a staircase to the Lair.
  6282 | D:8      | Found Ziluem's Magic Scroll Boutique.
  6290 | D:8      | Bought a scroll of enchant weapon for 112 gold pieces
  6290 | D:8      | Bought a scroll of identify for 30 gold pieces
  6290 | D:8      | Bought a scroll of identify for 30 gold pieces
  6290 | D:8      | Bought a scroll of identify for 30 gold pieces
  6290 | D:8      | Bought a scroll of brand weapon for 300 gold pieces
  6290 | D:8      | Bought 2 scrolls of identify for 60 gold pieces
  6290 | D:8      | Bought a scroll of identify for 30 gold pieces
  6290 | D:8      | Bought a scroll of enchant weapon for 112 gold pieces
  6290 | D:8      | Bought a scroll of identify for 30 gold pieces
  6290 | D:8      | Bought a scroll of identify for 30 gold pieces
  6319 | D:8      | Noticed an oklob plant
  6354 | D:8      | Found a bloodstained altar of Trog.
  6361 | D:8      | Found an iron altar of Okawaru.
  6368 | D:8      | Reached skill level 10 in Axes
  6666 | D:8      | Splashed by an oklob plant's acid

Skill      XL: |  1  2  3  4  5  6  7  8  9 |
---------------+----------------------------+-----
Fighting       | 4 5 6 |  6.7
Shields        | 4 5 6 8 |  8.0
Armour         | 4 5 6 7 |  7.8
Axes           | 3 4 5 7 8 10 | 10.1
Dodging        | 1 2 3 4 |  4.1
Throwing       | |  0.1
Stealth        | |  0.7

Action                   |  1- 3 |  4- 6 |  7- 9 || total
-------------------------+-------+-------+-------++-------
Melee: War axe           |    83 |   190 |   231 ||   504
       Headbutt          |    15 |    32 |    43 ||    90
Throw: Tomahawk          |       |       |     3 ||     3
  Use: Scroll            |       |    11 |     8 ||    19
       Potion            |       |     3 |       ||     3
 Stab: Distracted        |       |       |     1 ||     1
  Eat: Ration            |       |     2 |     3 ||     5
       Chunk             |       |     1 |       ||     1
Armor: Scale mail        |    30 |    85 |    12 ||   127
       Chain mail        |       |       |    82 ||    82
Dodge: Dodged            |    31 |    70 |    64 ||   165
Block: Shield            |    47 |    88 |   124 ||   259
